AoeStats
← RCL Belier

Arena

508049409Analyzed
1v1 RM · 11d ago on Sep 20, 2026· 57m 24s· 2 players
Game mode
Random Map
Map size
Tiny (2 player)
Population
200
Speed
Normal
Resources
Standard
Victory
Conquest
Starting age
Dark Age
Ending age
Imperial Age
RankedLock teamsTeams togetherTeam positionsShared explorationLock speedFull tech treeHidden civsTurbo modeCheats
Victory
Defeat
🇫🇷 Malians · France
1067
+15
🇩🇪 Slavs · Germany
1047
-15
Eugene
0:29 Loom
11:07 Feudal Age
16:18 Castle Age
14:45 Double-Bit Axe
14:55 Horse Collar
15:35 Man-at-Arms
17:24 Squires
17:48 Bow Saw
18:06 Long Swordsman
20:01 Scale Mail Armor
23:21 Squires
26:50 Wheelbarrow
28:18 Chain Mail Armor
28:33 Heavy Plow
28:54 Stone Mining
29:44 Forging
29:04 Pikeman
35:03 Imperial Age
32:52 Detinets
32:53 Crossbowman
33:49 Fletching
35:13 Padded Archer Armor
37:13 Bodkin Arrow
37:44 Ballistics
38:20 Leather Archer Armor
38:56 Gold Mining
40:55 Crop Rotation
41:29 Two-Man Saw
40:56 Elite Skirmisher
43:12 Sanctity
43:28 Ring Archer Armor
44:38 Chemistry
44:32 Plate Mail Armor
44:34 Conscription
44:48 Halberdier
47:03 Iron Casting
RCL Belier
10:59 Feudal Age
12:15 Horse Collar
12:23 Double-Bit Axe
13:41 Wheelbarrow
19:18 Castle Age
17:11 Stone Mining
17:47 Gold Mining
18:21 Forging
20:47 Scale Barding Armor
23:11 Hand Cart
26:52 Gold Shaft Mining
26:40 Bow Saw
30:05 Imperial Age
27:54 Scale Mail Armor
28:30 Iron Casting
29:41 Chain Mail Armor
30:34 Heavy Plow
31:55 Chemistry
33:18 Conscription
33:42 Crop Rotation
34:08 Stone Shaft Mining
36:45 Plate Mail Armor
39:02 Husbandry
40:34 Bloodlines
39:45 Light Cavalry
40:47 Chain Barding Armor
42:39 Farimba
42:00 Elite Gbeto
44:05 Plate Barding Armor
44:32 Fletching
46:35 Ballistics
46:26 Masonry
53:30 Bodkin Arrow
57:10 Architecture
Connection lost

Rejoining the realm…

Still unreachable

The connection could not be restored.

Session expired

The server has moved on; the page needs a fresh start.